 Dungeon Crawl Stone Soup version 0.29.1-4-g47bece8355 (webtiles) character file.

Game seed: 13841674931217709188

17305 Haldmier the Grappler (level 12, -11/100 HPs)
             Began as a Ghoul Brigand on Dec 2, 2022.
             Was a High Priest of Uskayaw.
             Mangled by a slime creature (15 damage)
             ... in an ice cave.
             The game lasted 00:55:56 (16372 turns).

Haldmier the Grappler (Ghoul Brigand)              Turns: 16372, Time: 00:55:57

Health: -11/100    AC: 10    Str: 20    XL:     12   Next: 46%
Magic:  12/15      EV: 11    Int:  6    God:    Uskayaw [*****.]
Gold:   428        SH:  8    Dex: 10    Spells: 12/16 levels left

rFire   . . .      SeeInvis .     - Unarmed
rCold   + + +      Faith    .   F - +0 kite shield
rNeg    + + +      Spirit   .   r - +0 acid dragon scales
rPois   ∞          Reflect  .   H - +0 helmet
rElec   .          Harm     .   Q - scarf {rC+ rF+}
rCorr   +          Rampage  .   (no gloves)
Will    .....                   D - +0 pair of boots
Stlth   ++........              y - amulet of the acrobat
HPRegen 0.00/turn               z - ring of ice
MPRegen 0.14/turn               a - +4 ring of slaying

@: inhibited regen, studying 2 skills
A: claws 1, cold resistance 1, negative energy resistance 3, inhibited
regeneration, torment resistance 2, devour on kill
a: Renounce Religion, Stomp, Line Pass, Grand Finale


You were in an ice cave.
You worshipped Uskayaw.
Uskayaw was noncommittal.
You visited 3 branches of the dungeon, and saw 12 of its levels.
You also visited: Ossuary and Ice Cave.

You collected 1610 gold pieces.
You spent 1182 gold pieces at shops.

Inventory:

Missiles
 b - 72 stones
 d - 28 poisoned darts
 x - 2 throwing nets
 B - 2 boomerangs (quivered)
 P - a curare-tipped dart
Armour
 c - a +0 cloak
 r - +0 acid dragon scales (worn)
 D - a +0 pair of boots (worn)
 F - a +0 kite shield (worn)
 H - a +0 helmet (worn)
 K - +0 ice dragon scales
 Q - a scarf of resistance (worn)
 R - a +2 plate armour of cold resistance
Jewellery
 a - a +4 ring of slaying (right claw)
 k - a +4 ring of protection
 v - a ring of resist corrosion
 y - an amulet of the acrobat (around neck)
 z - a ring of ice (left claw)
 C - a ring of see invisible
 J - a ring of wizardry
 O - a +4 ring of slaying
Wands
 e - a wand of polymorph (6)
 o - a wand of charming (21)
 E - a wand of roots (10)
 G - a wand of mindburst (15)
Scrolls
 f - 2 scrolls of amnesia
 g - 2 scrolls of blinking
 j - 10 scrolls of teleportation
 l - 4 scrolls of fear
 n - a scroll of silence
 p - 2 scrolls of magic mapping
 t - 2 scrolls of immolation {unknown}
 u - 2 scrolls of enchant armour
 A - 2 scrolls of fog
 I - a scroll of vulnerability
 N - a scroll of poison
Potions
 h - 4 potions of haste
 i - 4 potions of attraction
 m - 2 potions of brilliance
 s - 2 potions of might
 w - 4 potions of curing
 L - 2 potions of resistance
 M - a potion of flight


   Skills:
 + Level 7.3 Fighting
 - Level 1.7 Short Blades
 - Level 6.0 Throwing
 + Level 5.7 Armour
 + Level 6.0 Dodging
 - Level 4.3 Stealth
 + Level 4.0 Shields
 * Level 12.0 Unarmed Combat
 + Level 2.9 Spellcasting
 + Level 5.5 Translocations
 + Level 3.0 Transmutations
 + Level 3.7 Earth Magic
 - Level 5.0 Invocations


You had 12 spell levels left.
You knew the following spells:

 Your Spells              Type           Power      Damage    Failure   Level
a - Blink                 Tloc           14%        N/A       22%         2
b - Passwall              Tmut/Erth      3%         N/A       47%         2

Your spell library contained the following spells:

 Spells                   Type           Power      Damage    Failure   Level
 Apportation              Tloc           14%        N/A       14%         1
 Sandblast                Erth           10%        2d5       30%         1
 Freeze                   Ice            4%         1d3       82%         1
 Necrotise                Necr           0%         1d4       82%         1
 Summon Small Mammal      Summ           0%         N/A       82%         1
 Stone Arrow              Conj/Erth      6%         3d7       89%         3
 Petrify                  Tmut/Erth      4%         N/A       98%         4
 Dazzling Flash           Conj/Hex       0%         N/A       99%         3
 Frozen Ramparts          Ice            2%         1d1       99%         3
 Ozocubu's Armour         Ice            1%         N/A       99%         3
 Manifold Assault         Tloc           7%         N/A       99%         5
 Hailstorm                Conj/Ice       1%         3d3       100%        4
 Summon Ice Beast         Ice/Summ       1%         N/A       100%        4
 Agony                    Necr           0%         N/A       100%        5
 Alistair's Intoxication  Tmut/Pois      1%         N/A       100%        5
 Irradiate                Conj/Tmut      1%         3d12      100%        5
 Iskenderun's Battlesphe  Conj           0%         2d6       100%        5
 Metabolic Englaciation   Hex/Ice        0%         N/A       100%        5
 Silence                  Hex/Air        0%         N/A       100%        5
 Iron Shot                Conj/Erth      1%         9d1       100%        6
 Ozocubu's Refrigeration  Ice            0%         4d7       100%        7
 Spellforged Servitor     Conj/Summ      0%         N/A       100%        7
 Ice Form                 Ice/Tmut       Unusable   N/A       N/A         4
 Blade Hands              Tmut           Unusable   N/A       N/A         5
 Storm Form               Tmut/Air       Unusable   N/A       N/A         7

Dungeon Overview and Level Annotations

Branches:
Dungeon (10/15)            Temple (1/1) D:6            Lair (1/5) D:8
    Orc (0/2) D:10        Ossuary (visited)           IceCv (1/1)

Altars:
Ashenzari
Cheibriados
Dithmenos
Fedhas
Gozag
Hepliaklqana
Kikubaaqudgha
Makhleb
Nemelex Xobeh
Okawaru
Qazlal
Ru
Sif Muna
Trog
Uskayaw
Vehumet
Wu Jian
Xom
Yredelemnul

Shops:
D:2 :   D:3 (   D:4 :**   D:6 ?   D:10 !

Annotations:
D:6 2 runed translucent doors
D:8 3 runed translucent doors, TowerOfEmptiness's ghost, novice MiFi


Innate Abilities, Weirdness & Mutations

You are immune to poison.
You have sharp fingernails.
Your flesh is cold resistant. (rC+)
You are immune to negative energy. (rN+++)
You do not regenerate when monsters are visible.
You are immune to unholy pain and torment.
You thrive by killing the living.


Message History

You mangle the slime creature!!
The slime creature is severely wounded.
You block the slime creature's attack.
The slime creature hits you but does no damage.
You scratch the slime creature.
The slime creature is severely wounded.
The slime creature hits you.
* * * LOW HITPOINT WARNING * * *
The slime creature hits you but does no damage.
You scratch the slime creature.
The slime creature is almost dead.
The slime creature is no longer sharing its pain.
The slime creature hits you.
* * * LOW HITPOINT WARNING * * *
The slime creature hits you!
* * * LOW HITPOINT WARNING * * *
You stomp with the beat, sending a shockwave through the revellers around you!
You kill the slime creature!
You feel better.
The slime creature is heavily wounded.
The slime creature is no longer sharing its pain.
The slime creature hits you!
* * * LOW HITPOINT WARNING * * *
Uskayaw will force your foes to share their pain.
Your Unarmed Combat skill increases to level 12!
You scratch the slime creature.
The slime creature is heavily wounded.
The slime creature barely misses you.
You claw the slime creature!
The slime creature is severely wounded.
The slime creature barely misses you.
You claw the slime creature!
The slime creature is almost dead.
The slime creature hits you!
* * * LOW HITPOINT WARNING * * *
You can now merge with and destroy a victim.
You barely miss the slime creature.
The slime creature is almost dead.
The slime creature hits you!
You die...

..##....####....###..........#
..#...............######.....#
.....###....###.....###......#
...###....### ###...........##
#####....### #.........###
#.......### ##.########
###.......#####.#####
###.........J.....##
######...@.......#
#######........# ###....J..
###.... ... .. .


You could see a slime creature.

Vanquished Creatures
  3 quicksilver oozes (IceCv)
  2 two-headed ogres (D:10)
  Nergalle (D:10)
  An orc knight (D:10)
  2 ice statues (IceCv)
  Maggie (D:7)
  A troll (D:10)
  8 slime creatures (IceCv)
  3 blink frogs (Lair:1)
  Sigmund (D:3)
  A shadow (D:9)
  4 wraiths
  7 yaks
  A vampire mosquito (D:6)
  4 steam dragons
  3 acid dragons
  A water moccasin (D:6)
  5 ice beasts
  3 orc warriors
  2 black bears
  2 hornet zombies (Ossuary)
  3 sky beasts
  6 ogres
  A great orb of eyes simulacrum (IceCv)
  7 centaurs
  5 bullfrogs
  A wyvern zombie (Ossuary)
  3 kobold brigands
  3 gnoll sergeants
  4 necrophages
  2 glowing shapeshifter simulacra (IceCv)
  6 scorpions
  A water moccasin zombie (Ossuary)
  17 killer bees
  5 howler monkeys
  3 bullfrog zombies (Ossuary)
  3 centaur zombies (Ossuary)
  5 orc priests
  4 hounds
  3 jellies
  3 gnoll boudas
  3 iguanas (D:6)
  9 orc wizards
  Natasha (thrice) (D:2)
  2 killer bee zombies (Ossuary)
  12 mummies (Ossuary)
  A howler monkey zombie (Ossuary)
  24 gnolls
  8 adders
  5 shadow imps
  2 white imps
  3 ufetubi
  A worm (D:2)
  A dart slug (D:1)
  58 orcs
  4 ball pythons
  13 bats
  5 endoplasms
  2 giant cockroaches
  7 goblins
  8 hobgoblins
  A quokka (D:1)
  4 frilled lizards (D:1)
  20 kobolds
  5 rats
342 creatures vanquished.

Vanquished Creatures (others)
  A fungus (D:6)
  A plant (Lair:1)
  9 withered plants (Ossuary)
11 creatures vanquished.

Grand Total: 353 creatures vanquished

Notes
Turn   | Place    | Note
-------+----------+-------------------------------------------
     0 | D:1      | Haldmier the Ghoul Brigand began the quest for the Orb.
     0 | D:1      | Reached XP level 1. HP: 17/17 MP: 0/0
   260 | D:1      | Reached skill level 1 in Unarmed Combat
   420 | D:1      | Reached XP level 2. HP: 24/24 MP: 1/1
   461 | D:1      | Reached skill level 2 in Unarmed Combat
   503 | D:1      | Found a faded altar of an unknown god.
   885 | D:1      | Reached XP level 3. HP: 29/29 MP: 2/2
  1041 | D:2      | Noticed Natasha
  1328 | D:2      | Reached skill level 3 in Unarmed Combat
  1420 | D:2      | Killed Natasha
  1664 | D:2      | Reached XP level 4. HP: 36/36 MP: 3/3
  1700 | D:2      | Found Banwuin's Vocational Training.
  1724 | D:2      | Noticed Natasha
  1730 | D:2      | Killed Natasha
  1731 | D:2      | Reached skill level 4 in Unarmed Combat
  1822 | D:2      | Noticed Natasha
  1831 | D:2      | Killed Natasha
  2145 | D:3      | Reached XP level 5. HP: 36/41 MP: 4/4
  2257 | D:3      | Reached skill level 5 in Unarmed Combat
  2268 | D:3      | Noticed Sigmund
  2559 | D:3      | Learned a level 2 spell: Blink
  2824 | D:3      | Killed Sigmund
  2825 | D:3      | Reached skill level 6 in Unarmed Combat
  2825 | D:3      | Reached skill level 1 in Spellcasting
  2825 | D:3      | Reached XP level 6. HP: 43/48 MP: 4/6
  3112 | D:3      | Found Ziuhen's Antique Weapon Shop.
  3321 | D:4      | Found Aplafrur's Assorted Antiques.
  3382 | D:4      | Found Icket's Book Emporium.
  3453 | D:4      | Reached skill level 1 in Dodging
  3462 | D:4      | Found Luezos's Assorted Antiques.
  3494 | D:4      | Reached XP level 7. HP: 54/56 MP: 7/7
  3799 | D:4      | Reached skill level 1 in Armour
  3863 | D:4      | Got the Volume of Lithic Reformation
  4024 | D:4      | Found a shadowy altar of Dithmenos.
  4196 | D:5      | Entered Level 5 of the Dungeon
  4342 | D:5      | Reached skill level 7 in Unarmed Combat
  4342 | D:5      | Reached XP level 8. HP: 63/63 MP: 8/8
  5479 | D:5      | Found a shimmering blue altar of Sif Muna.
  5479 | D:5      | Found a shimmering altar of Xom.
  5658 | D:6      | Learned a level 2 spell: Passwall
  5687 | D:6      | Reached skill level 8 in Unarmed Combat
  5750 | D:6      | Found a staircase to the Ecumenical Temple.
  5756 | Temple   | Entered the Ecumenical Temple
  5773 | Temple   | Became a worshipper of Uskayaw the Reveller
  5984 | D:6      | Found Okakhain's Magic Scroll Shoppe.
  5996 | D:6      | Found a blossoming altar of Fedhas.
  6008 | D:6      | Reached * piety under Uskayaw
  6199 | D:6      | Found a large runed translucent door.
  6199 | D:6      | Found a large runed translucent door.
  6209 | D:6      | Reached ** piety under Uskayaw
  6210 | D:6      | Reached XP level 9. HP: 71/71 MP: 9/9
  6217 | D:6      | Reached *** piety under Uskayaw
  6240 | D:6      | Found a large runed translucent door.
  6240 | D:6      | Found a large runed translucent door.
  6332 | D:6      | Reached **** piety under Uskayaw
  6339 | D:6      | Reached ***** piety under Uskayaw
  6342 | D:6      | Reached skill level 1 in Invocations
  6884 | D:6      | Reached skill level 9 in Unarmed Combat
  6906 | D:6      | Reached skill level 5 in Fighting
  7117 | D:6      | Found the +7 Singing Sword {vorpal, sonic wave}
  7305 | D:6      | Reached XP level 10. HP: 70/81 MP: 10/10
  7690 | D:6      | Identified the +7 shortbow "Toibrez" {venom, Str+2}
  8038 | D:7      | Found a sand-covered staircase.
  8050 | Ossuary  | Entered an ossuary
  8722 | D:7      | Noticed Maggie
  8734 | D:7      | Killed Maggie
  8735 | D:7      | Reached skill level 1 in Shields
  8735 | D:7      | Reached skill level 10 in Unarmed Combat
  9237 | D:7      | Reached skill level 5 in Throwing
  9463 | D:8      | Found a runed translucent gate.
  9463 | D:8      | Found a runed translucent gate.
  9463 | D:8      | Found a runed translucent gate.
  9464 | D:8      | Noticed TowerOfEmptiness's ghost (novice MiFi)
  9465 | D:8      | Noticed a spectral unseen horror
 10033 | D:8      | Reached XP level 11. HP: 89/89 MP: 13/13
 10091 | D:8      | Found a staircase to the Lair.
 10458 | D:9      | Found a sacrificial altar of Ru.
 10542 | D:9      | Identified a scroll of acquirement
 10543 | D:9      | Acquired 1044 gold pieces
 10557 | D:9      | Reached skill level 5 in Translocations
 10565 | D:9      | Reached skill level 5 in Dodging
 11030 | D:9      | Reached skill level 1 in Earth Magic
 11035 | D:9      | Reached skill level 1 in Transmutations
 11758 | D:10     | Entered Level 10 of the Dungeon
 11788 | D:10     | Noticed a two-headed ogre
 12159 | D:10     | Found a staircase to the Orcish Mines.
 12247 | D:9      | Reached skill level 11 in Unarmed Combat
 12592 | D:10     | Noticed an orc knight
 12653 | D:10     | Reached skill level 5 in Armour
 12866 | D:10     | Found Nuturghio's Distillery.
 12945 | D:10     | Found a hazy altar of Hepliaklqana.
 12952 | D:10     | Found a sparkling altar of Nemelex Xobeh.
 12981 | D:10     | Noticed Nergalle
 12993 | D:10     | Killed Nergalle
 13139 | D:10     | Killed a two-headed ogre
 13140 | D:10     | Reached skill level 5 in Invocations
 13423 | D:10     | Killed an orc knight
 13510 | D:10     | Noticed a two-headed ogre
 13515 | D:10     | Killed a two-headed ogre
 13906 | D:6      | Bought a scroll of blinking for 112 gold pieces
 13906 | D:6      | Bought a scroll of identify for 30 gold pieces
 14064 | D:2      | Bought a manual of Invocations for 1040 gold pieces
 14262 | Lair:1   | Entered Level 1 of the Lair of Beasts
 14262 | Lair:1   | Noticed an eight-headed hydra
 14368 | Lair:1   | Found a frozen archway.
 14410 | IceCv    | Entered an ice cave
 14434 | IceCv    | Noticed a quicksilver ooze
 14451 | IceCv    | Noticed a quicksilver ooze
 14459 | IceCv    | Killed a quicksilver ooze
 14460 | IceCv    | Reached XP level 12. HP: 77/100 MP: 0/14
 14578 | IceCv    | Killed a quicksilver ooze
 14640 | IceCv    | Got the Omnibus of Congelation and Terra Firma
 15354 | IceCv    | HP: 5/100 [slime creature (13)]
 15987 | IceCv    | Noticed a quicksilver ooze
 16002 | IceCv    | Killed a quicksilver ooze
 16369 | IceCv    | Reached skill level 12 in Unarmed Combat
 16371 | IceCv    | HP: 4/100 [slime creature (13)]
 16372 | IceCv    | Mangled by a slime creature

Illustrated notes

Levels and vault maps discovered:
D:1:      scummos_arrival_simple_crosswalls, layout_rooms,
          basic_ecumenical_altar, kennysheep_doodads
D:2:      layout_basic, minmay_misc_feat_ornament, nicolae_shop_vocational,
          uniq_natasha
D:3:      layout_basic, serial_shops, shop, uniq_sigmund
D:4:      layout_cave_pools, nicolae_dithmenos_the_darkroom, serial_shops,
          nicolae_square_shop, shop, shop
D:5:      minmay_razor_zed, layout_loops_ring, gammafunk_temple_overflow_pools
D:6:      old_forge, layout_basic, fedhas_altar_2,
          minmay_temple_entry_enclosed_plants, serial_shops, shop,
          minmay_hollow_rounded_squares
D:7:      layout_basic, enter_ossuary_2, uniq_maggie
D:8:      layout_rooms, lair_entry_dummy, gammafunk_ghost_necromancy
D:9:      layout_basic, nicolae_ru_awakened_eye, nicolae_elevator_lobby_asterisk
D:10:     layout_stronghold, nicolae_overflow_hidden_temple, david_orc_5,
          serial_shops, shop, uniq_nergalle
Temple:   bh_familiar_temple
Lair:1:   layout_loops_ring, portal_ice_cave_entry_ice_simulacra, pond,
          grunt_megastairs_2, infiniplex_staircase_pool
IceCv:    ice_cave_hellmonk_azure_passage

Skill      XL: |  1  2  3  4  5  6  7  8  9 10 11 12 |
---------------+-------------------------------------+-----
Unarmed Combat | 1 2 3 4 6 7 8 9 10 11 12 | 12.0
Spellcasting   | 1 2 |  2.9
Translocations | 2 3 4 5 |  5.5
Dodging        | 1 2 3 4 5 6 |  6.0
Throwing       | 2 3 4 5 6 |  6.0
Armour         | 1 2 3 4 5 |  5.7
Fighting       | 3 4 5 6 7 |  7.3
Invocations    | 2 4 5 |  5.0
Shields        | 2 3 4 |  4.0
Earth Magic    | 3 |  3.7
Transmutations | 2 3 |  3.0
Short Blades   | |  1.7
Stealth        | |  4.3

Action                   |  1- 3 |  4- 6 |  7- 9 | 10-12 || total
-------------------------+-------+-------+-------+-------++-------
Melee: Dagger            |   136 |       |       |       ||   136
       Unarmed           |       |   139 |   316 |   752 ||  1207
       Punch             |       |     2 |    20 |    18 ||    40
Throw: Stone             |     7 |       |       |       ||     7
       Dart              |     9 |     8 |    23 |    28 ||    68
       Boomerang         |       |       |     4 |    16 ||    20
 Cast: Passwall          |       |       |       |     1 ||     1
Invok: Stomp             |       |       |       |     8 ||     8
       Line Pass         |       |       |       |     2 ||     2
  Use: Scroll            |       |     7 |     2 |    14 ||    23
       Potion            |       |       |       |     1 ||     1
 Stab: Sleeping          |       |     2 |     4 |     3 ||     9
       Distracted        |       |     1 |       |     3 ||     4
       Paralysed         |       |       |     6 |    26 ||    32
       Confused          |       |       |       |     1 ||     1
Armor: Robe              |     5 |       |       |       ||     5
       Leather armour    |    18 |       |       |       ||    18
       Ring mail         |    21 |    60 |    90 |    47 ||   218
       Steam dragon scal |       |       |       |    70 ||    70
       Acid dragon scale |       |       |       |   134 ||   134
Dodge: Dodged            |    70 |    75 |   175 |   391 ||   711
Block: Kite shield       |       |       |       |   196 ||   196
